 Dungeon Crawl Stone Soup version 0.29-a0-472-ge5599a681e (webtiles) character file.

Game seed: 6328383546420568155

304 porpoise the Shooter (level 6, 0/37 HPs)
             Began as a Tengu Hunter on May 23, 2022.
             Splashed by a jelly's acid (9 damage)
             ... on level 3 of the Dungeon.
             The game lasted 00:07:19 (3672 turns).

porpoise the Shooter (Tengu Hunter)                 Turns: 3672, Time: 00:07:19

Health: 0/37       AC: -1    Str: 12    XL:     6   Next: 38%
Magic:  7/7        EV: 13    Int:  9    God:
Gold:   197        SH:  0    Dex: 19    Spells: 5/5 levels left

rFire   . . .      SeeInvis .   a - +1 shortbow
rCold   . . .      Faith    .   (shield currently unavailable)
rNeg    . . .      Spirit   .   m - +0 ring mail
rPois   .          Reflect  .   (helmet restricted)
rElec   .          Harm     .   x - +0 cloak
rCorr   .          Rampage  .   d - +0 pair of gloves
Will    .....                   (boots unavailable)
Stlth   ++........              (no amulet)
HPRegen 0.12/turn               (no ring)
MPRegen 0.10/turn               (no ring)

@: corroded, flying quickly and evasively, quick
A: beak, talons 3, nimble flight
a: no special abilities


You were on level 3 of the Dungeon.
You visited 1 branch of the dungeon, and saw 4 of its levels.

You collected 197 gold pieces.

Inventory:

Hand Weapons
 a - a +1 shortbow (weapon)
 b - a +2 dagger of venom
 h - a +0 rapier
 q - a +2 dagger of speed
Armour
 d - a +0 pair of gloves (worn)
 m - a +0 ring mail (worn)
 x - a +0 cloak (worn)
Wands
 v - a wand of iceblast (8)
Scrolls
 c - 2 scrolls of immolation
 f - a scroll of enchant weapon {unknown}
 g - 4 scrolls of teleportation {unknown}
 k - a scroll of magic mapping {unknown}
 p - 2 scrolls of identify {unknown}
 r - 2 scrolls of vulnerability {unknown}
 s - a scroll of torment {unknown}
 t - a scroll of enchant armour {unknown}
 u - a scroll of fog {unknown}
Potions
 e - 2 potions of curing {unknown}
 i - 2 potions of degeneration {unknown}
 j - a potion of cancellation {unknown}
 l - 2 potions of heal wounds {unknown}
 n - 2 potions of mutation {unknown}
 o - a potion of brilliance {unknown}
 w - 2 potions of attraction {unknown}


   Skills:
 + Level 3.6 Fighting
 * Level 6.3 Bows
 - Level 2.6 Dodging
 + Level 3.4 Stealth


You had 5 spell levels left.
You didn't know any spells.
Your spell library contained the following spells:

 Spells                   Type           Power      Damage    Failure   Level
 Static Discharge         Conj/Air       0%         N/A       80%         2
 Lightning Bolt           Conj/Air       0%         1d11      100%        5
 Maxwell's Capacitive Co  Air            0%         ∞         100%        8


Dungeon Overview and Level Annotations

Branches:
Dungeon (4/15)
 Temple: D:4-7

Altars:


Innate Abilities, Weirdness & Mutations

You have a beak for a mouth.
You have claws for feet.
Your magical nature lets you fly swiftly and evasively.


Message History

The hound is almost dead.
The hound closely misses you. The hound bites you.
Your +2 dagger of venom begins to drip with poison!
b - a +2 dagger of venom (weapon)
You hit the hound but do no damage.
The hound is poisoned.
The hound is almost dead.
The hound bites you. The hound barely misses you.
You hit the hound.
You kill the hound!
You start resting.
HP restored.
Your +2 dagger of venom stops dripping with poison.
a - a +1 shortbow (weapon)
Your +2 dagger of venom begins to drip with poison!
b - a +2 dagger of venom (weapon)
You fly downwards.
The jelly barely misses you. The jelly hits you.
You are splashed with acid!
There is a stone staircase leading up here.
You hit the jelly but do no damage.
The jelly is poisoned.
The acid corrodes you!
Your hands burn!
You claw the jelly.
The jelly is moderately wounded.
The jelly misses you.
You completely miss the jelly. You peck the jelly, but do no damage.
The jelly is moderately wounded.
The jelly hits you.
You are splashed with acid!
* * * LOW HITPOINT WARNING * * *
Your +2 dagger of venom stops dripping with poison.
a - a +1 shortbow (weapon)
The jelly hits you but does no damage.
You fly upwards.
There is a stone staircase leading down here.
Shoot: a) +1 shortbow
Press: ? - help, Q - select action, (/) - cycle Shift-Dir - straight line, f - jelly
Aim: a jelly (heavily wounded, very poisoned, 91% to hit)
You shoot an arrow. The arrow hits the jelly!
The jelly is almost dead.
The jelly barely misses you. The jelly hits you.
* * * LOW HITPOINT WARNING * * *
The acid corrodes you!
You are splashed with acid!
You die...

#.....#
######.....#
.....#.....#
...........#
...........#
...........#
...........#
#..........#######
'..........'...J@#
#..........###.###
####.......# #.#
...........###.#
.............#.#
.....#.......#.#
.....#.......#.#
.....#.......#.#
.............#.#


You could see a jelly (poisoned).

Vanquished Creatures
  Crazy Yiuf (D:3)
  A hound (D:3)
  2 scorpion zombies (D:2)
  Ijyb (D:3)
  Natasha (thrice) (D:3)
  A gnoll (D:1)
  An adder zombie (D:2)
  A worm (D:2)
  3 dart slugs (D:2)
  A bat skeleton (D:2)
  7 endoplasms
  2 giant cockroaches
  10 goblins
  6 hobgoblins
  2 jackals (D:3)
  5 kobolds
  2 quokkas (D:1)
  10 ball pythons
  5 bats
  5 frilled lizards
  A giant cockroach zombie (D:2)
  A jackal skeleton (D:2)
  A quokka skeleton (D:2)
  3 rats
75 creatures vanquished.

Vanquished Creatures (others)
  A withered plant (D:2)
1 creature vanquished.

Grand Total: 76 creatures vanquished

Notes
Turn   | Place    | Note
-------+----------+-------------------------------------------
     0 | D:1      | porpoise the Tengu Hunter began the quest for the Orb.
     0 | D:1      | Reached XP level 1. HP: 12/12 MP: 2/2
    97 | D:1      | Found a faded altar of an unknown god.
   115 | D:1      | Reached XP level 2. HP: 17/17 MP: 3/3
   560 | D:1      | Reached XP level 3. HP: 22/22 MP: 4/4
  1313 | D:2      | Reached skill level 5 in Bows
  1313 | D:2      | Reached XP level 4. HP: 15/27 MP: 5/5
  1786 | D:2      | Gained mutation: Your magical nature lets you fly swiftly
                  | and evasively. [Tengu growth]
  1786 | D:2      | Reached XP level 5. HP: 23/32 MP: 6/6
  2487 | D:3      | Noticed Natasha
  2490 | D:3      | Killed Natasha
  2570 | D:3      | Noticed Natasha
  2579 | D:3      | Killed Natasha
  2596 | D:3      | Noticed Natasha
  2758 | D:3      | Killed Natasha
  2759 | D:3      | Reached skill level 6 in Bows
  3027 | D:3      | Noticed Ijyb
  3036 | D:3      | Killed Ijyb
  3037 | D:3      | Reached XP level 6. HP: 34/37 MP: 7/7
  3273 | D:3      | Found a runed translucent door.
  3274 | D:3      | Noticed Crazy Yiuf
  3282 | D:3      | Killed Crazy Yiuf
  3672 | D:3      | Splashed by a jelly's acid

Illustrated notes

Levels and vault maps discovered:
D:1:      onia_arrival_mini_maze_b, layout_basic,
          nicolae_ecumenical_snake_handling, chequers_serial_rivers_room_a,
          minmay_misc_feat_nine_boxes
D:2:      minmay_spotlight, layout_basic, serial_undead, serial_undead_d,
          serial_undead_c, serial_undead_c, serial_undead_f
D:3:      layout_basic, serial_bayou_crossing, uniq_ijyb,
          uniq_crazy_yiuf_cottage, uniq_natasha
D:4:      layout_gridville, uniq_grinder

Skill      XL: |  1  2  3  4  5 |
---------------+----------------+-----
Bows           | 5 6 |  6.3
Stealth        | 2 3 |  3.4
Fighting       | 3 |  3.6
Dodging        | |  2.6

Action                   |  1- 3 |  4- 6 || total
-------------------------+-------+-------++-------
Melee: Dagger            |     4 |    18 ||    22
       Kick              |       |     4 ||     4
       Peck              |       |     2 ||     2
 Fire: Shortbow          |    60 |   130 ||   190
 Stab: Sleeping          |       |     2 ||     2
Armor: Leather armour    |     6 |     6 ||    12
       Ring mail         |       |    22 ||    22
Dodge: Dodged            |    10 |    41 ||    51

Table legend: (Time is in decaauts)
 A = Elapsed time spent in this place.
 B = Non-inter-level travel time spent in this place.
 C = Inter-level travel time spent in this place.
 D = Time resting spent in this place.
 E = Time spent auto-exploring this place.
 F = Levels seen in this place.
 G = Mean time per level.
                   A        B        C        D        E       F      G
               +--------+--------+--------+--------+--------+-----+--------+
         Total |   3632 |   3554 |     78 |   1246 |   1832 |   4 |  908.0 |
       Dungeon |   3632 |   3554 |     78 |   1246 |   1832 |   4 |  908.0 |
               +--------+--------+--------+--------+--------+-----+--------+

Top non-repeatable levels by time:
     D:1: 1547 daAuts
     D:3: 1139 daAuts
     D:2: 934 daAuts
     D:4: 10 daAuts
